 Dungeon Crawl Stone Soup version 0.20.0-10-g0535bb4 (webtiles) character file.

65 Fv001 the Digger (level 4, -1/25 HPs)
             Began as a Gargoyle Earth Elementalist on June 4, 2017.
             Slain by Natasha (8 damage)
             ... on level 2 of the Dungeon.
             The game lasted 00:05:24 (1562 turns).

Fv001 the Digger (Gargoyle Earth Elementalist)      Turns: 1562, Time: 00:05:24

Health: -1/25      AC:  5    Str: 12    XL:     4   Next: 14%
Magic:  1/7        EV: 11    Int: 16    God:
Gold:   63         SH:  3    Dex: 10    Spells: 1/7 levels left

rFire    + . .     SeeInvis .   f - +0 dagger (venom)
rCold    . . .     Gourm    .   m - +0 buckler
rNeg     + . .     Faith    .   g - +0 robe {rF+}
rPois    ∞         Spirit   .   (no helmet)
rElec    +         Reflect  .   (no cloak)
rCorr    .         Harm     .   (no gloves)
MR       .....                  (no boots)
Stlth    ++........             (no amulet)
Regen    0.1/turn               (no ring)
MPRegen  0.1/turn               (no ring)

@: very slightly contaminated
A: negative energy resistance 1, electricity resistance, unbreathing,
petrification resistance, rot immunity, AC +3
a: no special abilities


You were on level 2 of the Dungeon.
You were hungry.

You visited 1 branch of the dungeon, and saw 2 of its levels.

You collected 63 gold pieces.

Inventory:

Hand Weapons
 f - a +0 dagger of venom (weapon)
Missiles
 b - 68 stones (quivered)
Armour
 g - a +0 robe of fire resistance (worn)
 m - a +0 buckler (worn)
Scrolls
 h - 2 scrolls of enchant armour {unknown}
 i - a scroll of fear {unknown}
 k - a scroll of enchant weapon {unknown}
 n - a scroll of teleportation {unknown}
 t - a scroll of recharging {unknown}
Potions
 a - 2 potions of mutation {unknown}
 c - a potion of resistance {unknown}
 j - a potion of agility {unknown}
 l - a potion of might {unknown}
 o - a potion of curing {unknown}
 r - a potion of lignification {unknown}
Books
 e - a book of Geomancy

   Spells                             Type                      Level
   a - Sandblast                      Earth                        1
   b - Passwall                       Transmutation/Earth          2
   c - Stone Arrow                    Conjuration/Earth            3
   d - Petrify                        Transmutation/Earth          4
   e - Lee's Rapid Deconstruction     Earth                        5
Comestibles
 d - a bread ration
 p - 4 fruits
 q - a meat ration
 s - 6 chunks of flesh


   Skills:
 + Level 1.2 Fighting
 + Level 0.6 Short Blades
 + Level 0.4 Armour
 + Level 2.0 Dodging
 + Level 2.4 Stealth
 * Level 1.0 Shields
 + Level 2.2 Spellcasting
 + Level 1.2 Transmutations
 + Level 3.9 Earth Magic


You had one spell level left.
You knew the following spells:

 Your Spells              Type           Power        Failure   Level  Hunger
a - Sandblast             Erth           ##....       6%          1    #......
b - Passwall              Tmut/Erth      ##........   16%         2    ###....
c - Stone Arrow           Conj/Erth      #.....       36%         3    ###....


Dungeon Overview and Level Annotations

Branches:
Dungeon (2/15)

Altars:

Annotations:
D:2 Natasha


Innate Abilities, Weirdness & Mutations

You are resistant to torment.
Your stone body is resilient. (AC +3)
You are immune to poison.
You resist negative energy. (rN+)
You are resistant to electric shocks. (rElec)
You can survive without breathing.
You are immune to petrification.
You are immune to rotting.


Message History

You hit Natasha but do no damage.
Natasha is poisoned.
Natasha stares at you and mumbles some strange words.
The magic dart hits you!
You hit Natasha.
Natasha looks as sick as possible!
Natasha is moderately wounded.
Natasha closely misses you.
You hit Natasha but do no damage.
Natasha looks as sick as possible!
Natasha is moderately wounded.
Natasha claws you.
You closely miss Natasha.
Natasha is moderately wounded.
Natasha claws you!
* * * LOW HITPOINT WARNING * * *
You barely miss Natasha.
Natasha is heavily wounded.
You block Natasha's attack.
You hit Natasha.
Natasha is severely wounded.
Natasha claws you!
You die...

..# ... #.# ...
#.# #S# #.. #h#
#.. #@# .
##..##.#
..#....#.#
.%.....#.#
#....#.# #. #.
#......# #.
#..###+#..#####
#.
.........>....#
#.
###....#####.#
# #.


You could see Natasha and an adder.

Vanquished Creatures
  Jessica (D:2)
  2 leopard geckos (D:1)
  A ball python (D:1)
  A giant cockroach (D:1)
  7 goblins
  4 hobgoblins
  2 kobolds (D:1)
  2 bats (D:1)
  16 frilled lizards
  4 rats (D:1)
40 creatures vanquished.

Notes
Turn   | Place    | Note
-------+----------+-------------------------------------------
     0 | D:1      | Fv001 the Gargoyle Earth Elementalist began the quest for the Orb.
     0 | D:1      | Reached XP level 1. HP: 10/10 MP: 3/3
   326 | D:1      | Reached XP level 2. HP: 14/15 MP: 5/5
   330 | D:1      | Learned a level 2 spell: Passwall
   830 | D:1      | Reached skill level 1 in Fighting
  1099 | D:1      | Reached XP level 3. HP: 10/20 MP: 6/6
  1110 | D:1      | Reached skill level 1 in Transmutations
  1458 | D:2      | Learned a level 3 spell: Stone Arrow
  1475 | D:2      | Noticed Jessica
  1478 | D:2      | Killed Jessica
  1478 | D:2      | Reached skill level 1 in Shields
  1478 | D:2      | Reached XP level 4. HP: 21/25 MP: 7/7
  1552 | D:2      | Noticed Natasha
  1562 | D:2      | Slain by Natasha

Skill      XL: |  1  2  3 |
---------------+----------+-----
Fighting       | 1 |  1.2
Transmutations | 1 |  1.2
Dodging        | 2 |  2.0
Shields        | 1 |  1.0
Short Blades   | |  0.6
Armour         | |  0.4
Stealth        | |  2.4
Spellcasting   | |  2.2
Earth Magic    | |  3.9

Action                   |  1- 3 |  4- 6 || total
-------------------------+-------+-------++-------
Melee: Dagger            |   109 |    12 ||   121
 Cast: Passwall          |     3 |       ||     3
 Stab: Sleeping          |     8 |       ||     8
  Eat: Chunk             |     2 |       ||     2
Armor: Robe              |    29 |       ||    29
Dodge: Dodged            |    65 |     3 ||    68
Block: Buckler           |     9 |     1 ||    10
